 Seeded DCSS version 0.29.1-2-gbd0b4ee654 (webtiles) character file.

Game seed: 19941 (custom seed)

26464 Ashen the Black Sun (level 12, 0/97 HPs)
             Began as a Demonspawn Necromancer on Oct 29, 2022.
             Was a High Priest of Kikubaaqudgha.
             Slain by an orc warlord
             ... wielding a +0 great mace
              (11 damage)
             ... on level 2 of the Orcish Mines.
             The game lasted 01:14:54 (21119 turns).

Ashen the Black Sun (Demonspawn Necromancer)       Turns: 21119, Time: 01:15:13

Health: 0/97       AC: 12    Str:  9    XL:     12   Next: 98%
Magic:  2/25       EV: 16    Int: 25    God:    Kikubaaqudgha [*****.]
Gold:   143        SH:  0    Dex: 13    Spells: 3/30 levels left

rFire   . . .      SeeInvis +   p - +0 rapier (venom)
rCold   . . .      Faith    .   (no shield)
rNeg    + . .      Spirit   .   U - +1 leather armour "Jufiosk" {+Blink rPois rN+ rCorr}
rPois   +          Reflect  .   f - +2 hat {Int+3}
rElec   .          Harm     .   v - +0 cloak
rCorr   +          Rampage  +   j - +1 pair of gloves
Will    +....                   Z - +2 pair of boots {rampage}
Stlth   +++.......              G - amulet of the acrobat
HPRegen 0.26/turn               e - ring of willpower
MPRegen 0.19/turn               L - ring of see invisible

@: animating dead
A: powered by death 2, augmentation 1, sturdy frame 2, weakness stinger 2
a: Renounce Religion, Evoke Blink, Unearth Wretches, Torment


You were on level 2 of the Orcish Mines.
You worshipped Kikubaaqudgha.
Kikubaaqudgha was extremely pleased with you.
You visited 3 branches of the dungeon, and saw 14 of its levels.
You also visited: Bailey.

You collected 1414 gold pieces.
You spent 1271 gold pieces at shops.

Inventory:

Hand Weapons
 p - a +0 rapier of venom (weapon)
 P - a +5 scimitar of flaming
Missiles
 Q - a throwing net
Armour
 f - a +2 hat of intelligence (worn)
 j - a +1 pair of gloves (worn)
 v - a +0 cloak (worn)
 S - an orb of energy
 U - the +1 leather armour "Jufiosk" (worn) {+Blink rPois rN+ rCorr}
   (You bought it in a shop on level 1 of the Dungeon)

   rPois:     It protects you from poison.
   rN:        It protects you from negative energy.
   +Blink:    It lets you blink.
   rCorr:     It protects you from acid and corrosion.
 Z - a +2 pair of boots of rampaging (worn)
Jewellery
 e - a ring of willpower (left hand)
 G - an amulet of the acrobat (around neck)
 L - a ring of see invisible (right hand)
Wands
 g - a wand of flame (13)
 o - a wand of iceblast (7)
 x - a wand of digging (7)
 H - a wand of acid (1)
 R - a wand of charming (3)
 X - a wand of polymorph (2)
Scrolls
 a - 4 scrolls of amnesia
 c - a scroll of magic mapping
 d - a scroll of silence {unknown}
 h - a scroll of noise
 i - 2 scrolls of enchant armour {unknown}
 k - 2 scrolls of acquirement
 q - a scroll of summoning {unknown}
 u - a scroll of torment {unknown}
 y - a scroll of enchant weapon
 B - 2 scrolls of vulnerability {unknown}
 C - a scroll of poison
 D - 2 scrolls of teleportation {unknown}
 E - 2 scrolls of butterflies {unknown}
Potions
 b - a potion of magic
 m - 12 potions of curing
 n - a potion of mutation
 r - 3 potions of lignification
 s - 2 potions of invisibility
 t - 3 potions of haste
 w - a potion of berserk rage
 z - 6 potions of flight
 A - a potion of heal wounds
 F - a potion of brilliance
 K - 2 potions of might
 T - 2 potions of attraction
 V - a potion of cancellation
Miscellaneous
 J - a phial of floods
 O - a condenser vane


   Skills:
 + Level 10.2 Fighting
 + Level 9.6 Dodging
 - Level 5.0 Stealth
 + Level 9.6 Spellcasting
 + Level 4.5 Conjurations
 - Level 2.0 Hexes
 + Level 11.6 Necromancy
 + Level 4.0 Ice Magic
 + Level 3.9 Air Magic


You had 3 spell levels left.
You knew the following spells:

 Your Spells              Type           Power      Damage    Failure   Level
a - Necrotise             Necr           100%       1d9       1%          1
b - Vampiric Draining     Necr           63%        2d10      1%          3
c - Animate Dead          Necr           63%        N/A       1%          4
d - Anguish               Hex/Necr       23%        N/A       3%          4
e - Sublimation of Blood  Necr           63%        N/A       1%          2
f - Dispel Undead         Necr           63%        3d22      1%          4
g - Corpse Rot            Necr/Pois/Air  38%        N/A       6%          4
h - Freezing Cloud        Conj/Ice/Air   16%        6-21      26%         5

Your spell library contained the following spells:

 Spells                   Type           Power      Damage    Failure   Level
 Slow                     Hex            88%        N/A       2%          1
 Poisonous Vapours        Pois/Air       42%        N/A       3%          2
 Mephitic Cloud           Conj/Pois/Air  26%        N/A       4%          3
 Sting                    Tmut/Pois      48%        1d5       5%          1
 Summon Small Mammal      Summ           48%        N/A       5%          1
 Confusing Touch          Hex            22%        N/A       7%          3
 Tukima's Dance           Hex            22%        N/A       7%          3
 Portal Projectile        Hex/Tloc       34%        N/A       11%         3
 Summon Guardian Golem    Hex/Summ       17%        N/A       11%         3
 Call Canine Familiar     Summ           12%        N/A       16%         3
 Ignite Poison            Fire/Tmut/Pois 12%        N/A       16%         3
 Agony                    Necr           63%        N/A       1%          5
 Death Channel            Necr           31%        N/A       7%          6
 Borgnjor's Vile Clutch   Necr/Erth      20%        N/A       13%         5
 Summon Lightning Spire   Summ/Air       21%        N/A       22%         4
 Simulacrum               Ice/Necr       25%        N/A       30%         6
 Olgreb's Toxic Radiance  Pois           12%        N/A       45%         4
 Irradiate                Conj/Tmut      11%        3d15      50%         5
 Blade Hands              Tmut           6%         N/A       82%         5
 Borgnjor's Revivificati  Necr           31%        N/A       96%         8
 Infestation              Necr           31%        N/A       96%         8
 Haunt                    Necr/Summ      20%        N/A       99%         7
 Dragon Form              Tmut           6%         N/A       100%        7
 Storm Form               Tmut/Air       10%        N/A       100%        7
 Maxwell's Capacitive Co  Air            15%        ∞         100%        8
 Necromutation            Tmut/Necr      20%        N/A       100%        8
 Death's Door             Necr           31%        N/A       100%        9


Dungeon Overview and Level Annotations

Branches:
Dungeon (11/15)            Temple (1/1) D:5            Lair (0/5) D:9
    Orc (2/2) D:10            Elf (0/3) Orc:2        Bailey (visited)

Altars:
Ashenzari
Cheibriados
Dithmenos
Fedhas
Gozag
Hepliaklqana
Kikubaaqudgha
Makhleb
Nemelex Xobeh
Okawaru
Qazlal
Ru
Sif Muna
Trog
Uskayaw
Vehumet
Wu Jian
Xom
Yredelemnul
Lugonu

Shops:
D:1 ([*   D:3 *   D:5 :   D:6 *   D:9 *   D:10 *   D:11 =   Orc:1 :   Orc:2 [[

Annotations:
D:9 exclusions: oklob plant and oklob sapling


Innate Abilities, Weirdness & Mutations

You regenerate health from kills.
Your magical and physical power is slightly enhanced at high health.
Your movements are less encumbered by armour. (ER -4)
You have a tail ending in a sharp stinger.


Message History

The orc warrior hits you from afar with a +0 trident!
* * * LOW HITPOINT WARNING * * *
The orc closely misses you. The orc hits you but does no damage.
The orc warlord roars a battlecry!
The orc goes into a battle-frenzy!
The orc priest shouts!
You hit the orc.
You kill the orc!
Kikubaaqudgha accepts your kill.
The dead are walking!
The orc warrior hits you from afar with a +0 trident!
* * * LOW HITPOINT WARNING * * *
The orc misses you.
The orc hits your orc zombie with a +0 hand axe!
The orc warlord roars a battlecry!
The orc warrior goes into a battle-frenzy!
You feel much better. The orc warrior closely misses you. The orc misses you.
The orc barely misses your orc zombie.
The orc warlord roars a battlecry!
The orc priest goes into a battle-frenzy!
Your orc zombie hits the orc.
The orc warrior attacks as you move away!
The orc warrior completely misses you. x2
Something hits your orc zombie!!
Your orc zombie is destroyed!
The orc completely misses you.
As you read the scroll labelled VUCUXEU ZEPATS, it crumbles to dust.
It is a scroll of enchant weapon.
Your +4 scimitar of flaming glows red for a moment.
The orc warrior hits you from afar with a +0 trident!
The orc hits you but does no damage.
The orc warlord hits you with a +0 great mace!!
* * * LOW HITPOINT WARNING * * *
You feel much better.
The orc warrior hits you from afar with a +0 trident!!
* * * LOW HITPOINT WARNING * * *
The orc barely misses you.
The orc warlord hits you with a +0 great mace!
You die...
Kikubaaqudgha rasps: "You have failed me!
Welcome... death!"

Z.#))).# ##.........#...
#......# ##............##
#.....## ##........#.....#
#.....# #...)[)[..#.....# #.
....### #..))<)......##.##.##
....# #...))[......#.......
....# ##.......#.##........
Z^### ##.....o#.#........# ..#
## ##...@oo........... ####.+
#...##oO.......... ####.#
#...###.).......... ..)#.#
#....##............. Z..#.#
##...##...........#.. #'##.+
#....#.o..).....#..# .....#
#...##........#....#
#....#####...#o....##..####..#
#....#..##..##.....##### ..


You could see an orc warlord, 2 orc warriors, an ogre and an orc (strong).

Vanquished Creatures
  2 boulder beetles
  2 two-headed ogres (D:11)
  2 orc high priests (Bailey)
  2 orc knights (Orc:2)
  A deep elf pyromancer (D:8)
  A manticore (D:11)
  4 orc sorcerers
  A kobold demonologist (D:10)
  An unseen horror (D:10)
  A meliai (D:8)
  A hornet (D:9)
  2 wyverns
  4 yaks (D:9)
  2 wargs
  Menkaure (D:6)
  Duvessa (D:4)
  2 water moccasins (D:9)
  An acid dragon (D:10)
  5 black bears
  3 ice beasts
  12 orc warriors
  7 ogres
  4 centaurs
  A wyvern zombie (D:7)
  3 scorpions
  7 bullfrogs
  A necrophage (D:4)
  4 wights
  Dowan (D:4)
  2 killer bees (D:11)
  2 howler monkeys (D:10)
  2 centaur zombies (D:7)
  A bullfrog zombie (D:7)
  3 jellies
  4 hounds
  7 orc priests
  2 iguanas (D:6)
  21 orc wizards
  A killer bee zombie (D:7)
  12 adders
  11 gnolls
  A white imp (D:7)
  An ufetubus (D:5)
  2 worms (D:3)
  5 dart slugs
  87 orcs
  7 endoplasms
  4 giant cockroaches
  14 goblins
  11 hobgoblins
  9 kobolds
  A quokka (D:1)
  8 ball pythons
  7 bats
  6 frilled lizards
  13 rats
323 creatures vanquished.

Vanquished Creatures (collateral kills)
  An ettin (Orc:1)
  A two-headed ogre (D:11)
  An orc sorcerer (Orc:2)
  2 kobold demonologists (D:10)
  A warg (Orc:2)
  A black bear (D:9)
  4 orc warriors
  An ogre (Orc:2)
  A bullfrog (D:7)
  A necrophage (D:5)
  2 gnoll sergeants
  6 killer bees (D:11)
  A jelly (D:6)
  2 orc priests
  A gnoll bouda (Orc:1)
  An iguana (D:6)
  A killer bee zombie (D:7)
  2 gnolls
  2 adders (D:9)
  16 orcs
  A goblin (D:1)
  A hobgoblin (Bailey)
  A quokka (D:1)
  A ball python (D:9)
  3 kobolds (D:9)
  A rat (D:1)
56 creatures vanquished.

Vanquished Creatures (others)
  An ogre mage (Orc:2)
  3 two-headed ogres (Orc:2)
  An orc sorcerer (Orc:2)
  2 orc knights
  An ugly thing (D:11)
  A cyclops (D:8)
  A gargoyle (D:8)
  An efreet (D:8)
  A troll (Orc:2)
  A wraith (D:8)
  2 yaks (D:9)
  A vampire (D:8)
  A two-headed ogre zombie (Orc:2)
  A water moccasin (D:9)
  16 orc warriors
  3 ogres (Orc:2)
  2 kobold brigands (D:9)
  A bullfrog (D:9)
  2 yak zombies (D:9)
  A howler monkey (D:10)
  4 electric eels (Bailey)
  A centaur zombie (D:7)
  2 black bear zombies (D:9)
  5 orc priests (Orc:2)
  2 orc wizards
  3 ogre zombies (Orc:2)
  A hound zombie (D:9)
  7 gnolls
  An adder (D:9)
  A white imp (D:8)
  2 adder zombies (D:9)
  16 orcs
  2 ball pythons (D:9)
  2 gnoll zombies (Bailey)
  A goblin (Bailey)
  2 kobolds (D:9)
  2 ball python zombies
  4 goblin zombies (Bailey)
  2 hobgoblin zombies (Bailey)
  7 kobold zombies
  55 orc zombies
  5 demonic plants (D:10)
  20 fungi (D:9)
  37 plants
  A withered plant (D:7)
228 creatures vanquished.

Grand Total: 607 creatures vanquished

Notes
Turn   | Place    | Note
-------+----------+-------------------------------------------
     0 | D:1      | Ashen the Demonspawn Necromancer began the quest for the
                  | Orb.
     0 | D:1      | Reached XP level 1. HP: 13/13 MP: 3/3
   199 | D:1      | Gained mutation: Your movements are slightly less
                  | encumbered by armour. (ER -2) [demonic ancestry]
   199 | D:1      | Reached XP level 2. HP: 20/20 MP: 5/5
   323 | D:1      | Found Riotof's Antique Weapon Shop.
   393 | D:1      | Found a faded altar of an unknown god.
   669 | D:1      | Reached skill level 1 in Fighting
   977 | D:1      | Found Vypiut's Assorted Antiques.
   984 | D:1      | Gained mutation: You have a small tail. [demonic ancestry]
   984 | D:1      | Reached XP level 3. HP: 26/26 MP: 4/6
  1007 | D:1      | Found Marruhor's Antique Armour Shoppe.
  1166 | D:2      | Learned a level 3 spell: Vampiric Draining
  1677 | D:2      | Reached XP level 4. HP: 20/32 MP: 0/7
  1740 | D:2      | Learned a level 4 spell: Animate Dead
  2533 | D:3      | Reached skill level 5 in Necromancy
  2728 | D:3      | Gained mutation: You regenerate a little health from kills.
                  | [demonic ancestry]
  2728 | D:3      | Reached XP level 5. HP: 37/38 MP: 4/9
  2873 | D:3      | Found a blossoming altar of Fedhas.
  2948 | D:3      | Found Deropsou's Assorted Antiques.
  3022 | D:3      | Found a hazy altar of Hepliaklqana.
  3168 | D:4      | Noticed Duvessa
  3168 | D:4      | Noticed Dowan
  3582 | D:4      | Killed Duvessa
  3583 | D:4      | Gained mutation: You regenerate health from kills. [demonic
                  | ancestry]
  3583 | D:4      | Reached XP level 6. HP: 29/46 MP: 0/10
  3592 | D:4      | Killed Dowan
  5145 | D:5      | Entered Level 5 of the Dungeon
  5200 | D:5      | Reached XP level 7. HP: 50/52 MP: 6/12
  5290 | D:5      | Found a staircase to the Ecumenical Temple.
  5624 | D:5      | Found a large runed translucent door.
  5630 | D:5      | Found a large runed translucent door.
  5645 | D:5      | Found a radiant altar of Vehumet.
  5653 | D:5      | Reached skill level 6 in Necromancy
  5658 | D:5      | Found a bloodstained altar of Trog.
  5745 | D:5      | Found Neanacku's Book Shoppe.
  6223 | Temple   | Entered the Ecumenical Temple
  6374 | Temple   | Became a worshipper of Kikubaaqudgha
  6400 | D:6      | Found Imosk's Fire Supplies.
  6705 | D:6      | Found a sparkling altar of Nemelex Xobeh.
  6755 | D:6      | Noticed Menkaure
  6765 | D:6      | Killed Menkaure
  6766 | D:6      | Gained mutation: Your movements are less encumbered by
                  | armour. (ER -4) [demonic ancestry]
  6766 | D:6      | Reached XP level 8. HP: 25/60 MP: 8/14
  7631 | D:7      | Found a shimmering altar of Xom.
  7631 | D:7      | Found a shimmering altar of Xom.
  7631 | D:7      | Found a shimmering altar of Xom.
  7631 | D:7      | Found a shimmering altar of Xom.
  7751 | D:7      | Found a shimmering altar of Xom.
  7751 | D:7      | Found a shimmering altar of Xom.
  7752 | D:7      | Found a shimmering altar of Xom.
  7771 | D:7      | Reached skill level 5 in Stealth
  7893 | D:7      | Reached * piety under Kikubaaqudgha
  7893 | D:7      | Received a gift from Kikubaaqudgha
  7934 | D:7      | Reached skill level 7 in Necromancy
  7950 | D:7      | Reached skill level 5 in Spellcasting
  7970 | D:7      | Reached skill level 5 in Fighting
  7970 | D:7      | Reached skill level 5 in Dodging
  8193 | D:7      | Noticed a merfolk
  8318 | D:6      | Learned a level 4 spell: Anguish
  8321 | D:6      | Learned a level 2 spell: Sublimation of Blood
  8791 | D:7      | Gained mutation: You have a tail ending in a sharp stinger.
                  | [demonic ancestry]
  8791 | D:7      | Reached XP level 9. HP: 58/61 MP: 9/16
  9068 | D:7      | Noticed a wind drake
  9070 | D:7      | Noticed a shining eye
  9169 | D:7      | Reached skill level 1 in Hexes
  9382 | D:8      | Noticed a meliai
  9386 | D:8      | Killed a meliai
  9411 | D:8      | Noticed an efreet
  9420 | D:8      | Killed an efreet
  9740 | D:8      | Reached skill level 8 in Necromancy
  9790 | D:8      | Noticed a boulder beetle
  9800 | D:8      | Killed a boulder beetle
 10001 | D:8      | Noticed a cyclops
 10130 | D:8      | Killed a cyclops
 10131 | D:8      | Gained mutation: Your magical and physical power is
                  | slightly enhanced at high health. [demonic ancestry]
 10131 | D:8      | Reached XP level 10. HP: 27/77 MP: 14/19
 10323 | D:8      | Identified the +10 shortbow "Feajaxif" {flame, Dex+6}
 10900 | D:8      | Noticed a deep elf pyromancer
 10924 | D:8      | Killed a deep elf pyromancer
 10925 | D:8      | Reached skill level 9 in Necromancy
 11131 | D:8      | Noticed a gargoyle
 11198 | D:8      | Killed a gargoyle
 12259 | D:9      | Found a staircase to the Lair.
 12309 | D:9      | Reached ** piety under Kikubaaqudgha
 12446 | D:9      | Noticed an oklob plant
 12467 | D:9      | Found Biqo's Assorted Antiques.
 12951 | D:9      | Found an ornate altar of the Wu Jian Council.
 12964 | D:9      | Found a burning altar of Makhleb.
 12967 | D:9      | Found a sacrificial altar of Ru.
 13186 | D:9      | Reached XP level 11. HP: 75/86 MP: 13/22
 13193 | D:9      | Reached skill level 10 in Necromancy
 13455 | D:10     | Entered Level 10 of the Dungeon
 13455 | D:10     | Found Hucsomygg's Assorted Antiques.
 13497 | D:10     | Found a flagged portal.
 13505 | Bailey   | Entered a bailey
 13558 | Bailey   | Reached *** piety under Kikubaaqudgha
 13558 | Bailey   | Received a gift from Kikubaaqudgha
 14099 | Bailey   | Found an iron altar of Okawaru.
 14099 | Bailey   | Noticed an orc high priest
 14099 | Bailey   | Noticed an orc high priest
 14100 | Bailey   | Noticed a sun demon
 14100 | Bailey   | Noticed a sun demon
 14111 | Bailey   | Killed an orc high priest
 14111 | Bailey   | Killed an orc high priest
 14117 | Bailey   | Learned a level 4 spell: Dispel Undead
 14122 | Bailey   | Learned a level 4 spell: Corpse Rot
 14254 | Bailey   | Noticed an orc knight
 14263 | Bailey   | Killed an orc knight
 15041 | D:10     | Found a corrupted altar of Lugonu.
 15053 | D:10     | Reached **** piety under Kikubaaqudgha
 15321 | D:10     | Learned a level 5 spell: Freezing Cloud
 15401 | D:10     | Found a staircase to the Orcish Mines.
 15770 | D:10     | Found an opulent altar of Gozag.
 16382 | D:1      | Bought a scroll labelled USU WATWOGES for 30 gold pieces
 16382 | D:1      | Bought a jewelled leather armour for 210 gold pieces
 16382 | D:1      | Identified the +1 leather armour "Jufiosk" {+Blink rPois
                  | rN+ rCorr} (You bought it in a shop on level 1 of the
                  | Dungeon)
 16382 | D:1      | Bought a fizzy clear potion for 27 gold pieces
 16382 | D:1      | Bought a scroll of identify for 60 gold pieces
 16475 | D:3      | Bought a scroll of identify for 50 gold pieces
 16475 | D:3      | Bought a potion of curing for 75 gold pieces
 16475 | D:3      | Bought a scroll of identify for 50 gold pieces
 16475 | D:3      | Bought a potion of heal wounds for 125 gold pieces
 16475 | D:3      | Bought a potion of lignification for 75 gold pieces
 16657 | D:9      | Bought a scroll labelled QUATAZ GUAQA for 30 gold pieces
 16657 | D:9      | Bought a potion of curing for 90 gold pieces
 16840 | D:11     | Found Berr's Jewellery Emporium.
 16869 | D:11     | Noticed a two-headed ogre
 16872 | D:11     | Noticed a boulder beetle
 16877 | D:11     | Killed a two-headed ogre
 16878 | D:11     | Reached skill level 1 in Conjurations
 16878 | D:11     | Reached skill level 1 in Ice Magic
 16878 | D:11     | Reached skill level 1 in Air Magic
 16892 | D:11     | Killed a boulder beetle
 17096 | D:11     | Noticed a two-headed ogre
 17100 | D:11     | Killed a two-headed ogre
 17151 | D:11     | Noticed a red ugly thing
 17159 | D:11     | Killed a red ugly thing
 17528 | D:11     | Reached XP level 12. HP: 76/96 MP: 5/24
 17694 | D:11     | Noticed a two-headed ogre
 17700 | D:11     | Killed a two-headed ogre
 17748 | D:11     | Identified the +3 ring mail of the Depths {+Inv rElec
                  | Int+3}
 17822 | Orc:1    | Entered Level 1 of the Orcish Mines
 17999 | Orc:1    | Noticed an ettin
 18009 | Orc:1    | Killed an ettin
 18010 | Orc:1    | Reached ***** piety under Kikubaaqudgha
 18137 | Orc:1    | Reached skill level 11 in Necromancy
 18163 | Orc:1    | Found Luonoh's Book Boutique.
 18319 | Orc:2    | Entered Level 2 of the Orcish Mines
 18482 | Orc:2    | Noticed a two-headed ogre
 18494 | Orc:2    | Killed a two-headed ogre
 18913 | Orc:2    | Noticed a two-headed ogre
 18920 | Orc:2    | Killed a two-headed ogre
 19106 | Orc:2    | Found Ometekud's Antique Armour Boutique.
 19119 | Orc:2    | Bought a runed hat for 217 gold pieces
 19119 | Orc:2    | Bought a pair of runed gloves for 232 gold pieces
 19271 | Orc:2    | Found Tuut's Antique Armour Shop.
 19524 | Orc:2    | Noticed an ogre mage
 19531 | Orc:2    | Killed an ogre mage
 19532 | Orc:2    | Reached skill level 10 in Fighting
 20091 | Orc:2    | Noticed a two-headed ogre
 20093 | Orc:2    | Killed a two-headed ogre
 20339 | Orc:2    | Found a staircase to the Elven Halls.
 20507 | Orc:2    | Reached ****** piety under Kikubaaqudgha
 20508 | Orc:2    | Received a gift from Kikubaaqudgha
 20714 | Orc:2    | Noticed an orc warlord
 21119 | Orc:2    | Slain by an orc warlord

Illustrated notes

Levels and vault maps discovered:
D:1:      lightli_arrival_lavapool, layout_basic, serial_shops, shop_fountains,
          shop, nicolae_shop_trees,
          hellmonk_ecumenical_altar_pennies_from_heaven
D:2:      layout_loops_ring, minmay_hexomino_c4
D:3:      layout_basic, mainiacjoe_overflow_surrounded_room,
          mainiacjoe_overflow_big_doors, serial_shops, shop,
          kennysheep_generic_room_6
D:4:      layout_layer_cave, uniq_duvessa
D:5:      layout_loops_ring, jmf_multi_god_temple2, temple_statues,
          serial_shops, shop
D:6:      layout_cave_pods, nemelex_spade_bored_becter, chequers_jeans,
          nicolae_shop_fire_sale [nicolae_sub_dead_trees],
          hellmonk_bongcloud_opening, item_on_display_a, uniq_menkaure
D:7:      layout_cave_pools, xom_shifter_show, serial_undead, serial_undead_c,
          serial_undead_a, serial_undead_f, serial_undead_a
D:8:      minmay_cut_squares, layout_basic, mainiacjoe_overflow_paths
D:9:      layout_roguey, minitemple, due_lair_maze_entry_diamond, serial_shops,
          shop, introduction_to_nature_1
D:10:     kennysheep_kobold_lugonu_temple, layout_loops_ring,
          mainiacjoe_overflow_cross_hatched, hiddenorc2_lemuel, serial_shops,
          shop, enter_bailey_2
D:11:     layout_gridville, serial_shops, nicolae_shop_advertising_works
          [nicolae_subvault_shop_adworks]
Temple:   hellmonk_temple_forest_ring
Orc:1:    layout_diamond_mine, serial_shops, shop, nicolae_shop_self_help
Orc:2:    pubby_orc_utopia

Skill      XL: |  1  2  3  4  5  6  7  8  9 10 11 12 |
---------------+-------------------------------------+-----
Stealth        | 2 3 4 5 |  5.0
Dodging        | 2 3 4 5 6 7 8 9 |  9.6
Fighting       | 1 2 3 5 6 8 9 10 | 10.2
Necromancy     | 5 6 7 8 9 10 11 | 11.6
Spellcasting   | 3 4 5 6 7 8 9 |  9.6
Hexes          | 2 |  2.0
Conjurations   | 2 4 |  4.5
Ice Magic      | 1 4 |  4.0
Air Magic      | 1 3 |  3.9

Action                   |  1- 3 |  4- 6 |  7- 9 | 10-12 || total
-------------------------+-------+-------+-------+-------++-------
Melee: Unarmed           |    11 |       |       |       ||    11
       Dagger            |    28 |    57 |       |       ||    85
       Tailslap          |     1 |    13 |    58 |    75 ||   147
       Punch             |     1 |     1 |     4 |     8 ||    14
       Rapier            |       |    49 |   277 |   439 ||   765
 Cast: Necrotise         |    62 |    75 |    19 |     5 ||   161
       Vampiric Draining |     2 |     2 |    21 |    63 ||    88
       Animate Dead      |       |     2 |     5 |    17 ||    24
       Anguish           |       |       |    11 |   130 ||   141
       Corpse Rot        |       |       |       |    11 ||    11
       Sublimation of Bl |       |       |       |     1 ||     1
Invok: Receive Forbidden |       |       |       |     1 ||     1
 Abil: Evoke Blink       |       |       |       |     2 ||     2
Evoke: Wand              |       |       |     1 |       ||     1
       Condenser vane    |       |       |       |     1 ||     1
  Use: Scroll            |       |       |       |    20 ||    20
       Potion            |       |       |       |     4 ||     4
 Stab: Sleeping          |     2 |     2 |     7 |     1 ||    12
       Distracted        |       |       |     1 |     3 ||     4
       Held in net/web   |       |       |       |     1 ||     1
Armor: Robe              |     4 |       |       |       ||     4
       Leather armour    |    18 |    46 |   163 |   209 ||   436
Dodge: Dodged            |    48 |    91 |   289 |   676 ||  1104
